 Dungeon Crawl Stone Soup version 0.28-a0-1520-gc3277d3759 (webtiles) character file.

Game seed: 2699215460288607795

429 sanka the Conjurer (level 6, -2/44 HPs)
             Began as a Gnoll Conjurer on Jan 17, 2022.
             Slain by Pikel (10 damage)
             ... on level 4 of the Dungeon.
             The game lasted 00:09:50 (6881 turns).

sanka the Conjurer (Gnoll Conjurer)                 Turns: 6881, Time: 00:09:50

Health: -2/44      AC:  4    Str:  6    XL:     6   Next: 98%
Magic:  8/14       EV: 13    Int: 26    God:
Gold:   234        SH:  0    Dex: 11    Spells: 1/15 levels left

rFire   . . .      SeeInvis .   w - +3 quarterstaff of the Spider {elec, Int+7}
rCold   . . .      Faith    .   (shield currently unavailable)
rNeg    . . .      Spirit   .   a - +0 robe
rPois   .          Reflect  .   d - +0 helmet
rElec   .          Harm     .   k - +0 cloak
rCorr   .          Rampage  .   (no gloves)
Will    .....                   (no boots)
Stlth   +++.......              (no amulet)
HPRegen 0.14/turn               (no ring)
MPRegen 0.14/turn               (no ring)

@: no status effects
A: fangs 2, strong nose, distributed training, hooves 1, deformed body, shaggy
fur 1
a: no special abilities


You were on level 4 of the Dungeon.
You visited 1 branch of the dungeon, and saw 4 of its levels.
You also visited: Sewer.

You collected 234 gold pieces.


Innate Abilities, Weirdness & Mutations

You have extremely sharp teeth.
Your uncanny sense of smell can sniff out nearby items.
Your experience applies equally to all skills.
You have large cloven feet.
Armour fits poorly on your strangely shaped body.
You are covered in fur. (AC +1)


   Skills:
 + Level 2.2 Fighting
 + Level 2.2 Short Blades
 + Level 2.2 Long Blades
 + Level 2.2 Axes
 + Level 2.2 Maces & Flails
 + Level 2.2 Polearms
 + Level 2.2 Staves
 + Level 2.2 Slings
 + Level 2.2 Bows
 + Level 2.2 Crossbows
 + Level 2.2 Throwing
 + Level 2.2 Armour
 + Level 5.1 Dodging
 + Level 4.7 Stealth
 + Level 2.2 Shields
 + Level 2.2 Unarmed Combat
 + Level 5.4 Spellcasting
 + Level 7.3 Conjurations
 + Level 1.7 Hexes
 + Level 1.7 Summonings
 + Level 1.7 Necromancy
 + Level 1.7 Translocations
 + Level 1.7 Transmutations
 + Level 1.7 Fire Magic
 + Level 1.7 Ice Magic
 + Level 1.7 Air Magic
 + Level 1.7 Earth Magic
 + Level 1.7 Poison Magic
 + Level 2.4 Invocations
 + Level 2.2 Evocations


You had one spell level left.
You knew the following spells:

 Your Spells              Type           Power      Damage    Failure   Level
c - Iskenderun's Mystic   Conj/Tloc      30%        2d8       11%         4
x - Searing Ray           Conj           90%        2d7       1%          2
y - Wereblood             Tmut           16%        N/A       5%          2
z - Magic Dart            Conj           100%       1d8       1%          1
X - Iskenderun's Battles  Conj           45%        2d10      10%         5

Your spell library contained the following spells:

 Spells                   Type           Power      Damage    Failure   Level
 Dazzling Flash           Conj/Hex       60%        N/A       3%          3
 Sublimation of Blood     Necr           16%        N/A       5%          2
 Fulminant Prism          Conj/Hex       15%        3d11      11%         4
 Fireball                 Conj/Fire      15%        3d8       30%         5
 Conjure Ball Lightning   Conj/Air       15%        3x3d6     86%         6
 Orb of Destruction       Conj           22%        9d8       97%         7
 Summon Hydra             Summ           8%         N/A       100%        7

Inventory:

Hand Weapons
 w - the +3 quarterstaff of the Spider (weapon) {elec, Int+7}

   It occasionally discharges a powerful burst of electricity upon striking a
   foe.
   Int:       It affects your intelligence (+7).
Missiles
 q - 6 silver javelins
Armour
 a - a +0 robe (worn)
 d - a +0 helmet (worn)
 k - a +0 cloak (worn)
 z - a scarf of invisibility
 C - a +0 pair of boots
Wands
 u - a wand of acid (5)
 A - a wand of digging (4)
Scrolls
 e - a scroll of identify {unknown}
 g - 2 scrolls of enchant weapon {unknown}
 i - 3 scrolls of teleportation {unknown}
 m - 2 scrolls of magic mapping {unknown}
 p - a scroll of summoning {unknown}
 r - a scroll of brand weapon {unknown}
 s - a scroll of fear {unknown}
 t - a scroll of fog {unknown}
 v - a scroll of enchant armour {unknown}
 y - a scroll of noise {unknown}
Potions
 b - a potion of heal wounds {unknown}
 c - a potion of resistance {unknown}
 f - a potion of attraction {unknown}
 h - a potion of lignification {!q}
 j - a potion of degeneration {unknown}
 l - 2 potions of mutation {!q}
 n - a potion of ambrosia {unknown}
 o - a potion of might {unknown}
 B - a potion of brilliance {unknown}
Miscellaneous
 x - a lightning rod (4/4)

Dungeon Overview and Level Annotations

Branches:
Dungeon (4/15)              Sewer (visited)
 Temple: D:4-7

Altars:

Annotations:
D:4 Pikel

▒..▒▒▒▒.▒..▒...>....▒..▒
▒▒..▒<.K......▒▒.▒.▒.▒..▒▒▒
▒8....▒▒.▒..▒▒▒▒.....▒....▒ ▒
▒▒..▒▒▒▒.▒........▒▒▒▒▒▒▒.▒ ▒
▒....▒▒.▒▒..........▒...<▒ ▒
▒.......▒▒▒▒▒▒▒▒▒▒▒.▒.▒▒▒▒ ▒
▒.▒▒.▒▒▒.......▒▒▒▒.▒.▒ ▒▒▒▒▒
▒.▒▒.▒ ▒K5............▒
....▒▒▒▒.▒▒.▒▒▒.g...<.▒▒▒▒▒.▒▒
.........▒▒)..*.......▒▒▒▒▒.▒
....▒▒▒▒..............▒▒....▒
▒▒▒▒▒ ▒▒.▒▒▒▒▒........▒▒.▒▒.▒
▒ ▒▒.▒.▒▒▒▒..............▒ ▒▒▒
▒.▒▒▒..▒▒.▒▒▒▒▒▒▒▒▒.▒▒▒▒ ..▒
▒▒.▒.▒.▒▒.▒ ▒.▒ ▒.▒ ▒▒.▒▒.▒▒.▒
▒▒▒▒▒▒▒.▒ ▒.▒▒▒▒ ▒.......▒
▒.......▒


You could see Pikel (ally target), a lemure and a friendly battlesphere.


Message History

The lemure hits you but does no damage.
You sock the lemure!
The lemure is severely wounded.
The lemure completely misses you. The lemure closely misses you.
You closely miss the lemure.
The lemure is severely wounded.
The lemure misses you.
Pikel hits you with a +2 whip of electrocution.
You sock the lemure!
The lemure is almost dead.
The lemure hits you.
Pikel hits you with a +2 whip of electrocution.
You are electrocuted!
* * * LOW HITPOINT WARNING * * *
Unknown command.
Unknown command.
Aiming: Magic Dart (safe; 1% risk of failure)
Aim: Pikel, wielding a +2 whip of electrocution and wearing a +0 robe (100% to hit)
The magic dart hits Pikel.
Pikel is lightly wounded.
Your battlesphere fires!
The barrage of energy hits Pikel!
Pikel is moderately wounded.
The lemure hits you.
* * * LOW HITPOINT WARNING * * *
Pikel hits you with a +2 whip of electrocution!
* * * LOW HITPOINT WARNING * * *
You are electrocuted!
You die...

Action                   |  1- 3 |  4- 6 || total
-------------------------+-------+-------++-------
Melee: Unarmed           |   186 |     2 ||   188
       Bite              |    73 |     8 ||    81
       Flail             |   187 |       ||   187
       Dagger            |     7 |     2 ||     9
       Punch             |     7 |       ||     7
       Quarterstaff      |       |    75 ||    75
       Kick              |       |    13 ||    13
 Cast: Magic Dart        |    86 |    56 ||   142
       Searing Ray       |       |     3 ||     3
       Iskenderun's Batt |       |     1 ||     1
  Use: Potion            |       |     2 ||     2
 Stab: Sleeping          |       |     6 ||     6
Armor: Robe              |     6 |    15 ||    21
       Skin              |       |     4 ||     4
Dodge: Dodged            |    53 |    61 ||   114

Levels and vault maps discovered:
D:1:      elethiomel_arrival_shortcut, layout_loops_corners,
          shapermc_ecumenical_altar_acropolis, minmay_hedge_maze
D:2:      layout_loops_ring, minmay_diced_spiral
D:3:      minmay_bubble_buster, layout_basic, gup_sewer_entry_pipe
D:4:      layout_loops_cross, chequers_hall_statues_corner_a, uniq_pikel

Notes
Turn   | Place    | Note
-------+----------+-------------------------------------------
     0 | D:1      | sanka the Gnoll Conjurer began the quest for the Orb.
     0 | D:1      | Reached XP level 1. HP: 13/13 MP: 6/6
   350 | D:1      | Reached XP level 2. HP: 19/19 MP: 4/7
   396 | D:1      | HP: 2/20 [jackal (2)]
   692 | D:1      | Learned a level 2 spell: Searing Ray
  1007 | D:1      | Reached XP level 3. HP: 25/25 MP: 7/9
  1043 | D:1      | Found a faded altar of an unknown god.
  1664 | D:1      | Reached skill level 5 in Spellcasting
  2012 | D:2      | Reached skill level 1 in Invocations
  2183 | D:2      | Reached skill level 1 in Fighting
  2183 | D:2      | Reached skill level 1 in Short Blades
  2183 | D:2      | Reached skill level 1 in Long Blades
  2183 | D:2      | Reached skill level 1 in Axes
  2183 | D:2      | Reached skill level 1 in Maces & Flails
  2183 | D:2      | Reached skill level 1 in Polearms
  2183 | D:2      | Reached skill level 1 in Staves
  2183 | D:2      | Reached skill level 1 in Slings
  2183 | D:2      | Reached skill level 1 in Bows
  2183 | D:2      | Reached skill level 1 in Crossbows
  2183 | D:2      | Reached skill level 1 in Throwing
  2183 | D:2      | Reached skill level 1 in Armour
  2183 | D:2      | Reached skill level 1 in Shields
  2183 | D:2      | Reached skill level 1 in Unarmed Combat
  2183 | D:2      | Reached skill level 1 in Evocations
  2363 | D:2      | Reached XP level 4. HP: 23/32 MP: 4/11
  3519 | D:3      | Reached skill level 1 in Hexes
  3519 | D:3      | Reached skill level 1 in Summonings
  3519 | D:3      | Reached skill level 1 in Necromancy
  3519 | D:3      | Reached skill level 1 in Translocations
  3519 | D:3      | Reached skill level 1 in Transmutations
  3519 | D:3      | Reached skill level 1 in Fire Magic
  3519 | D:3      | Reached skill level 1 in Ice Magic
  3519 | D:3      | Reached skill level 1 in Air Magic
  3519 | D:3      | Reached skill level 1 in Earth Magic
  3519 | D:3      | Reached skill level 1 in Poison Magic
  3561 | D:3      | Found a glowing drain.
  3608 | Sewer    | Entered a sewer
  3662 | Sewer    | Noticed Pargi
  3674 | Sewer    | Gained mutation: You have hidden genetic potential. [potion
                  | of mutation]
  3674 | Sewer    | Gained mutation: You have extremely sharp teeth. [potion of
                  | mutation]
  3674 | Sewer    | Gained mutation: Armour fits poorly on your strangely
                  | shaped body. [potion of mutation]
  3678 | Sewer    | Killed Pargi
  3679 | Sewer    | Reached XP level 5. HP: 27/37 MP: 0/12
  3681 | Sewer    | Gained mutation: You have large cloven feet. [hidden
                  | potential]
  3840 | Sewer    | Identified the +3 quarterstaff of the Spider {elec, Int+7}
  4605 | D:3      | Reached skill level 2 in Invocations
  4605 | D:3      | Reached XP level 6. HP: 34/44 MP: 13/13
  4716 | D:3      | Learned a level 2 spell: Wereblood
  5872 | D:4      | Noticed a necrophage
  5879 | D:4      | Killed a necrophage
  5880 | D:4      | Reached skill level 2 in Fighting
  5880 | D:4      | Reached skill level 2 in Short Blades
  5880 | D:4      | Reached skill level 2 in Long Blades
  5880 | D:4      | Reached skill level 2 in Axes
  5880 | D:4      | Reached skill level 2 in Maces & Flails
  5880 | D:4      | Reached skill level 2 in Polearms
  5880 | D:4      | Reached skill level 2 in Staves
  5880 | D:4      | Reached skill level 2 in Slings
  5880 | D:4      | Reached skill level 2 in Bows
  5880 | D:4      | Reached skill level 2 in Crossbows
  5880 | D:4      | Reached skill level 2 in Throwing
  5880 | D:4      | Reached skill level 2 in Armour
  5880 | D:4      | Reached skill level 5 in Dodging
  5880 | D:4      | Reached skill level 2 in Shields
  5880 | D:4      | Reached skill level 2 in Unarmed Combat
  5880 | D:4      | Reached skill level 2 in Evocations
  5887 | D:4      | Gained mutation: You are covered in fur. (AC +1) [hidden
                  | potential]
  5887 | D:4      | Lost mutation: You have hidden genetic potential. [hidden
                  | potential expressed]
  5963 | D:4      | Noticed Pikel
  6637 | D:4      | Learned a level 4 spell: Iskenderun's Mystic Blast
  6762 | D:3      | Learned a level 5 spell: Iskenderun's Battlesphere
  6881 | D:4      | Slain by Pikel

Vanquished Creatures
  Pargi (Sewer)
  A necrophage (D:4)
  3 lemures
  A howler monkey (D:4)
  A hound (D:4)
  6 adders
  A white imp (D:3)
  7 worms
  2 dart slugs
  4 orcs
  6 endoplasms
  3 giant cockroaches
  5 goblins
  10 hobgoblins
  8 jackals
  8 quokkas
  11 ball pythons
  6 bats
  5 frilled lizards
  6 kobolds
  4 rats
  2 bushes (D:1)
101 creatures vanquished.
